 Dungeon Crawl Stone Soup version 0.18.1-48-g4cf74bf (webtiles) character file.

463 juanjsm the Changer (level 7, -3/43 HPs)
             Began as an Octopode Transmuter on June 29, 2016.
             Slain by Sigmund
             ... wielding a +0 scythe
              (11 damage)
             ... on level 3 of the Dungeon.
             The game lasted 00:20:42 (4941 turns).

juanjsm the Changer (Octopode Transmuter)           Turns: 4941, Time: 00:20:43

Health: -3/43      AC:  2    Str:  6    XL:     7   Next: 7%
Magic:  10/10      EV: 28    Int: 18    God:
Gold:   249        SH:  0    Dex: 17    Spells: 3 memorised, 1 level left

rFire  x . .     SeeInvis .       - Unarmed
rCold  + . .     Gourm    .     (shield currently unavailable)
rNeg   . . .     Faith    .     (helmet currently unavailable)
rPois  .         Spirit   .     (no amulet)
rElec  .         Dismiss  .     l - ring of poison resistance
rCorr  .         Reflect  .     p - ring of ice
SustAt .         Harm     .     t - ring of Shaolin {EV+8}
MR     .....                    x - -3 ring of strength
Stlth  ++........               (no ring)
                                (no ring)
                                (no ring)
                                (no ring)

@: spider-form, not resistant to hostile enchantments, unstealthy
A: almost no armour, (amphibious), 8 rings, (constrict 8), (camouflage 0),
(gelatinous body 0)
a: End Transformation


You were on level 3 of the Dungeon.
You were hungry.
You were a venomous arachnid creature.
You visited 1 branch of the dungeon, and saw 5 of its levels.

You collected 249 gold pieces.

Inventory:

Hand Weapons
 q - a cursed -1 dagger
 v - a +0 hunting sling
Missiles
 a - 55 arrows
 f - 81 sling bullets
Jewellery
 l - a ring of poison resistance (left front leg)
 p - a ring of ice (right front leg)
 t - the ring of Shaolin (on tentacle) {EV+8}
   (You found it on level 4 of the Dungeon)

   [ring of evasion]

   It affects your evasion (+8).
 x - a -3 ring of strength (on tentacle)
Scrolls
 g - 4 scrolls of teleportation {unknown}
 i - 4 scrolls of identify
 k - a scroll of remove curse
 m - a scroll of enchant weapon {unknown}
 o - a scroll of recharging {unknown}
 s - 2 scrolls of blinking {unknown}
Potions
 d - a potion of curing
 e - a potion of ambrosia
 j - a potion of heal wounds {unknown}
 r - a potion of magic {unknown}
 u - 2 potions of might
Books
 b - a book of Changes

   Spells                             Type                      Level
   a - Beastly Appendage              Transmutation                1
   b - Sticks to Snakes               Transmutation                2
   c - Spider Form                    Transmutation/Poison         3
   d - Ice Form                       Ice/Transmutation            4
   e - Blade Hands                    Transmutation                5
Comestibles
 c - 2 bread rations
 h - 3 meat rations
 n - 2 slices of pizza
 w - 4 chunks of flesh


   Skills:
 - Level 1.0 Fighting
 - Level 2.1 Dodging
 * Level 4.2 Unarmed Combat
 * Level 2.3 Spellcasting
 + Level 6.2 Transmutations
 + Level 1.9 Poison Magic


You had one spell level left.
You knew the following spells:

 Your Spells              Type           Power        Failure   Level  Hunger
a - Beastly Appendage     Trmt           ###...       6%          1    #......
b - Spider Form           Trmt/Pois      ###.......   28%         3    ###....
c - Blade Hands           Trmt           ###.......   63%         5    ######.


Dungeon Overview and Level Annotations

Branches:
Dungeon (5/15)
 Temple: D:4-7

Altars:

Shops:
D:5 :

Annotations:
D:3 Jessica; Malvoorn's ghost, amateur DECj; Sigmund


Innate Abilities, Weirdness & Mutations

You cannot wear most types of armour.
((You are amphibious.))
You can wear up to eight rings at the same time.
((You can use your tentacles to constrict eight enemies at once.))
((Your skin changes colour to match your surroundings (Stealth).))
((Your rubbery body absorbs attacks (AC +1).))


Message History

Malvoorn's ghost says, "If you think I look tough now, just wait!"
Some of the chunks of flesh in your inventory have rotted away.
You're too confused to move!
Malvoorn's ghost hits you. Something hits you!
You bump into the rock wall.
Malvoorn's ghost hits you. Something closely misses you.
You're too confused!
You bump into the rock wall.
You feel less invigorated.
You feel less confused. Malvoorn's ghost casts a spell at you.
The magic dart hits you!
Read which item? (? for menu, Esc to quit)
As you read the scroll labeled OLALUPALARY, it crumbles to dust.
It is a scroll of identify.
Identify which item? (\ to view known items) (? for menu, Esc to quit)
u - 2 potions of might Malvoorn's ghost casts a spell at you.
The magic dart hits you!
* * * LOW HITPOINT WARNING * * *
Something hits you!
You die...

..#.....W......#.
..
..#..(.........#.#
#.#
..#............#.#
#.# ..#(.........
#.# #.#
............. #.#
#%# ..((...######
#.# #.# ##..#..#
#.####.### ##.#..#
#W..r....# #....#
#s####.#.# ##...#
### #.# #..<# #.#
####...# #.#
....#>.####
###{#.###
..........#
#.......#
........(.#
#.#.#.#.#
..........#
#@#.#.#
..÷.......# #.#†#
#


You could see Malvoorn's ghost and a rat.

Vanquished Creatures
  2 big kobolds (D:4)
  A scorpion (D:3)
  A crimson imp (D:5)
  9 gnolls (D:4)
  3 adders
  A worm (D:4)
  An orc (D:4)
  2 ball pythons
  3 giant cockroaches
  26 goblins
  34 hobgoblins
  11 jackals
  6 kobolds
  5 bats
  5 giant newts
  A quokka skeleton (D:4)
  4 rats
115 creatures vanquished.

Notes
Turn   | Place    | Note
--------------------------------------------------------------
     0 | D:1      | juanjsm the Octopode Transmuter began the quest for the Orb.
     0 | D:1      | Reached XP level 1. HP: 13/13 MP: 3/3
     3 | D:1      | Noticed an electric eel
     3 | D:1      | Noticed an electric eel
   247 | D:1      | Reached XP level 2. HP: 13/18 MP: 3/5
   906 | D:2      | Reached XP level 3. HP: 18/23 MP: 4/6
   926 | D:2      | Learned a level 3 spell: Spider Form
  2023 | D:3      | Noticed Jessica
  2162 | D:5      | Entered Level 5 of the Dungeon
  2282 | D:3      | Noticed a scorpion
  2282 | D:3      | Noticed Malvoorn's ghost (amateur DECj)
  2306 | D:4      | Reached skill level 3 in Transmutations
  2651 | D:4      | Reached XP level 4. HP: 25/28 MP: 5/7
  2921 | D:5      | Noticed an ogre
  3024 | D:5      | Found Hosead's Book Boutique.
  3209 | D:4      | Reached skill level 4 in Transmutations
  3240 | D:4      | Reached XP level 5. HP: 20/33 MP: 4/8
  3519 | D:4      | Noticed a big kobold
  3525 | D:4      | Noticed a big kobold
  3558 | D:4      | Killed a big kobold
  3558 | D:4      | Reached skill level 5 in Transmutations
  3558 | D:4      | Reached skill level 1 in Poison Magic
  3558 | D:4      | Reached XP level 6. HP: 14/38 MP: 9/9
  4076 | D:4      | Reached skill level 6 in Transmutations
  4337 | D:4      | Noticed a phantom
  4773 | D:3      | Reached XP level 7. HP: 35/43 MP: 8/10
  4783 | D:3      | Learned a level 5 spell: Blade Hands
  4858 | D:3      | Noticed Sigmund
  4941 | D:3      | Slain by Sigmund

Skill      XL: |  1  2  3  4  5  6 |
---------------+-------------------+-----
Unarmed Combat | 4 |  4.2
Transmutations | 3 4 5 6 |  6.2
Poison Magic   | 1 |  1.9
Fighting       | |  1.0
Dodging        | |  2.1
Spellcasting   | |  2.3

Action                   |  1- 3 |  4- 6 |  7- 9 || total
-------------------------+-------+-------+-------++-------
Melee: Unarmed           |    92 |   174 |    30 ||   296
       Constrict         |    23 |    33 |     4 ||    60
       Kick              |    14 |    27 |     2 ||    43
       Tentacles         |     8 |    16 |     5 ||    29
       Punch             |     2 |     2 |       ||     4
 Cast: Beastly Appendage |    25 |    17 |     2 ||    44
       Spider Form       |       |     7 |     2 ||     9
  Use: Scroll            |       |       |     2 ||     2
       Potion            |       |       |     2 ||     2
 Stab: Sleeping          |     4 |       |       ||     4
  Eat: Chunk             |     5 |     9 |       ||    14
Armor: Skin              |     8 |     6 |     4 ||    18
Dodge: Dodged            |    55 |   164 |    42 ||   261
